 Dungeon Crawl Stone Soup version 0.23.1-37-gaa34b87 (webtiles) character file.

Game seed: 13208366301570842124

3166 Fang the Fighter (level 9, -5/59 HPs)
             Began as a Gargoyle Berserker on Mar 25, 2019.
             Was an Elder of Trog.
             Slain by an ogre
             ... wielding a +0 giant spiked club
              (11 damage)
             ... on level 7 of the Dungeon.
             The game lasted 00:07:06 (6635 turns).

Fang the Fighter (Gargoyle Berserker)               Turns: 6635, Time: 00:07:07

Health: -5/59      AC: 23    Str: 24      XL:     9   Next: 94%
Magic:  9/9        EV: 10    Int:  8      God:    Trog [****..]
Gold:   426        SH:  0    Dex:  8 (9)  Spells: 8/8 levels left

rFire    . . .     SeeInvis +   a - +0 hand axe
rCold    . . .     Gourm    .   (no shield)
rNeg     + . .     Faith    .   g - +1 chain mail
rPois    ∞         Spirit   .   (no helmet)
rElec    +         Reflect  .   (no cloak)
rCorr    .         Harm     .   (no gloves)
MR       .....                  (no boots)
Stlth    ..........             (no amulet)
HPRegen  0.19/turn              o - +5 ring of protection
MPRegen  0.11/turn              v - ring of see invisible

@: berserk cooldown, slowed, very slow
A: negative energy resistance 1, electricity resistance, unbreathing,
petrification resistance, rot immunity, AC +6
a: Berserk, Trog's Hand, Brothers in Arms, Renounce Religion


You were on level 7 of the Dungeon.
You worshipped Trog.
Trog was greatly pleased with you.
You were hungry.

You visited 2 branches of the dungeon, and saw 8 of its levels.
You also visited: Ossuary.

You collected 426 gold pieces.

Inventory:

Hand Weapons
 a - a +0 hand axe (weapon)
Armour
 g - a +1 chain mail (worn)
Jewellery
 o - a +5 ring of protection (left hand)
 v - a ring of see invisible (right hand)
Scrolls
 b - 9 scrolls of remove curse
 d - 4 scrolls of identify
 e - a scroll of enchant weapon {unknown}
 i - 2 scrolls of teleportation
 j - a scroll of enchant armour
 k - a scroll of fear
Potions
 f - 2 potions of invisibility {unknown}
 h - a potion of magic
 l - 11 potions of heal wounds
 m - 2 potions of lignification
 p - 2 potions of degeneration
 q - 3 potions of haste
 r - a potion of resistance
 t - 4 potions of curing
Comestibles
 c - 14 rations
 n - 5 chunks of flesh


   Skills:
 + Level 8.1 Fighting
 + Level 6.8 Axes
 + Level 7.7 Armour
 + Level 5.8 Dodging


You had 8 spell levels left.
You didn't know any spells.
Your spell library was empty.

Dungeon Overview and Level Annotations

Branches:
Dungeon (7/15)             Temple (1/1) D:4

Altars:
Cheibriados
Fedhas
Gozag
Kikubaaqudgha
Nemelex Xobeh
Sif Muna
Vehumet
Zin


Innate Abilities, Weirdness & Mutations

You are resistant to torment.
Your stone body is resilient. (AC +6)
You are immune to poison.
You resist negative energy. (rN+)
You are resistant to electric shocks. (rElec)
You can survive without breathing.
You are immune to petrification.
You are immune to rotting.


Message History

You are no longer berserk.
You are exhausted.
You feel yourself slow down.
Your chain mail prevents you from hitting the ogre.
The ogre is heavily wounded.
The ogre barely misses you.
You barely miss the ogre.
The ogre is heavily wounded.
The ogre hits you with a +0 giant spiked club!
* * * LOW HITPOINT WARNING * * *
Some of the chunks of flesh in your inventory have rotted away.
You barely miss the ogre.
The ogre is heavily wounded.
The ogre misses you.
You hit the ogre.
The ogre is severely wounded.
The ogre hits you with a +0 giant spiked club!
* * * LOW HITPOINT WARNING * * *
The ogre hits you with a +0 giant spiked club!
You die...

#. .. ####.# #...
###############O##
#............).@.#
#.##############...#
#.# #....)..# .###
#.# #...###.# .#
#.#####.# #[# ##
#.......# #.#
####...## #.#####
#...# #.....# #..>#
#..##.########


You could see an ogre.

Vanquished Creatures
  Prince Ribbit (D:6)
  Grinder (D:6)
  Sigmund (D:3)
  3 phantoms
  A sky beast (D:5)
  3 ice beasts
  4 centaurs
  An elf zombie (Ossuary)
  A scorpion (D:5)
  3 killer bees (D:7)
  12 wights
  2 howler monkeys (D:5)
  A centaur zombie (Ossuary)
  A crimson imp (D:7)
  A human zombie (Ossuary)
  A quasit (D:6)
  A bullfrog zombie (D:6)
  Crazy Yiuf (D:5)
  3 hounds
  An orc priest (D:3)
  6 orc wizards
  Jessica (D:3)
  3 worker ants
  3 mummies
  A hound skeleton (D:6)
  7 gnolls (D:6)
  6 adders
  A shadow imp (D:5)
  2 adder zombies
  4 worms
  2 dart slugs
  A leopard gecko (D:2)
  12 orcs
  7 giant cockroaches
  6 goblins
  6 hobgoblins
  3 jackals (D:1)
  3 quokkas
  5 bats
  4 frilled lizards
  4 goblin zombies
  8 hobgoblin zombies (Ossuary)
  A jackal skeleton (D:4)
  2 jackal zombies (Ossuary)
  7 kobolds
  14 kobold zombies
  6 orc zombies (Ossuary)
  4 rats
  A rat zombie (Ossuary)
173 creatures vanquished.

Notes
Turn   | Place    | Note
-------+----------+-------------------------------------------
     0 | D:1      | Fang the Gargoyle Berserker began the quest for the Orb.
     0 | D:1      | Reached XP level 1. HP: 14/14 MP: 1/1
   333 | D:1      | Reached XP level 2. HP: 17/19 MP: 2/2
   986 | D:2      | Reached XP level 3. HP: 23/23 MP: 3/3
  1020 | D:2      | Found a radiant altar of Vehumet.
  1149 | D:2      | Noticed a centaur
  1158 | D:2      | Killed a centaur
  1158 | D:2      | Reached ** piety under Trog
  1158 | D:2      | Reached skill level 4 in Fighting
  1158 | D:2      | Reached XP level 4. HP: 8/29 MP: 4/4
  1158 | D:2      | Reached XP level 5. HP: 10/33 MP: 5/5
  1620 | D:2      | Found a snail-covered altar of Cheibriados.
  1717 | D:2      | Found a deep blue altar of Sif Muna.
  1897 | D:3      | Reached XP level 6. HP: 39/39 MP: 6/6
  2140 | D:3      | Noticed Jessica
  2144 | D:3      | Noticed Sigmund
  2161 | D:3      | Killed Jessica
  2313 | D:4      | Noticed a phantom
  2382 | D:4      | Found a sand-covered staircase.
  2408 | Ossuary  | Entered an ossuary
  2711 | Ossuary  | Reached *** piety under Trog
  2803 | Ossuary  | Reached skill level 5 in Fighting
  2818 | Ossuary  | Reached XP level 7. HP: 44/44 MP: 7/7
  3303 | D:4      | Reached skill level 5 in Armour
  3347 | D:4      | Found a staircase to the Ecumenical Temple.
  3376 | Temple   | Entered the Ecumenical Temple
  3462 | D:4      | Reached XP level 8. HP: 48/51 MP: 8/8
  3891 | D:3      | Noticed an angel
  3892 | D:3      | Found a glowing silver altar of Zin.
  3929 | D:3      | Killed Sigmund
  3929 | D:3      | Reached skill level 6 in Fighting
  3929 | D:3      | Reached skill level 5 in Axes
  3971 | D:5      | Entered Level 5 of the Dungeon
  4053 | D:5      | Found a blossoming altar of Fedhas.
  4070 | D:5      | Found an ancient bone altar of Kikubaaqudgha.
  4129 | D:5      | Found a sparkling altar of Nemelex Xobeh.
  4141 | D:5      | Reached **** piety under Trog
  4458 | D:5      | Found an opulent altar of Gozag.
  4633 | D:5      | Found a runed translucent door.
  4634 | D:5      | Noticed Crazy Yiuf
  4705 | D:5      | Reached XP level 9. HP: 56/56 MP: 9/9
  4766 | D:5      | Killed Crazy Yiuf
  4851 | D:6      | Noticed Grinder
  4861 | D:6      | Paralysed by Grinder for 5 turns
  4867 | D:6      | Killed Grinder
  4867 | D:6      | Reached skill level 7 in Fighting
  4867 | D:6      | Reached skill level 5 in Dodging
  5357 | D:6      | Noticed Prince Ribbit
  5929 | D:6      | Killed Prince Ribbit
  6379 | D:7      | Reached skill level 8 in Fighting
  6635 | D:7      | Slain by an ogre

Skill      XL: |  1  2  3  4  5  6  7  8  9 |
---------------+----------------------------+-----
Dodging        | 2 3 4 5 |  5.8
Axes           | 3 4 5 6 |  6.8
Fighting       | 4 5 6 8 |  8.1
Armour         | 3 4 5 6 7 |  7.7

Action                   |  1- 3 |  4- 6 |  7- 9 || total
-------------------------+-------+-------+-------++-------
Melee: Hand axe          |    94 |   244 |   658 ||   996
       Unarmed           |       |       |     6 ||     6
Invok: Berserk           |     1 |     3 |     3 ||     7
       Trog's Hand       |       |     1 |     1 ||     2
  Use: Scroll            |       |       |    17 ||    17
 Stab: Sleeping          |     1 |       |       ||     1
  Eat: Chunk             |     1 |     6 |    13 ||    20
       Ration            |       |     1 |     1 ||     2
Armor: Animal skin       |    15 |       |       ||    15
       Chain mail        |    40 |   204 |   500 ||   744
Dodge: Dodged            |    51 |   152 |   348 ||   551
